 Dungeon Crawl Stone Soup version 0.19.0-20-gbc5f0c6 (webtiles) character file.

1864 lorenzova the Archer (level 8, -4/74 HPs)
             Began as a Centaur Hunter on Nov 17, 2016.
             Slain by a killer bee (6 damage)
             ... on level 6 of the Dungeon.
             The game lasted 00:18:05 (7874 turns).

lorenzova the Archer (Centaur Hunter)               Turns: 7874, Time: 00:18:06

Health: -4/74      AC:  8    Str: 16    XL:     8   Next: 90%
Magic:  0/8        EV:  9    Int: 10    God:
Gold:   494        SH:  0    Dex: 11    Spells: 0 memorised, 7 levels left

rFire  . . .     SeeInvis .     H - +2 scythe (slice)
rCold  . . .     Gourm    .     s - +3 leather armour
rNeg   . . .     Faith    .     (shield currently unavailable)
rPois  .         Spirit   +     (no helmet)
rElec  .         Reflect  .     p - +0 cloak
rCorr  .         Harm     .     (no gloves)
MR     .....                    (no barding)
Stlth  +.........               C - amulet of guardian spirit
                                (no ring)
                                (no ring)

@: lethally poisoned (-4 -> -34), very quick
A: hooves 3, deformed body, speed 2, tough skin 3
a: no special abilities


You were on level 6 of the Dungeon.
You were very hungry.

You visited 1 branch of the dungeon, and saw 7 of its levels.

You collected 494 gold pieces.

Inventory:

Hand Weapons
 a - a +1 shortbow
 H - a +2 scythe of slicing (weapon)
Missiles
 d - 32 arrows
Armour
 b - a +0 ring mail of positive energy
 c - a +0 leather armour
 m - a +0 ring mail
 p - a +0 cloak (worn)
 s - a +3 leather armour (worn)
Jewellery
 h - an uncursed amulet of rage
 C - an amulet of guardian spirit (around neck)
Scrolls
 e - 3 scrolls of remove curse
 k - 6 scrolls of identify {unknown}
 l - 3 scrolls of amnesia {unknown}
 o - a scroll of magic mapping {unknown}
 q - a scroll of fear {unknown}
 r - a scroll of enchant armour {unknown}
 u - 4 scrolls of immolation {unknown}
 v - a scroll of noise {unknown}
 w - a scroll of blinking {unknown}
 y - 3 scrolls of enchant weapon {unknown}
 A - a scroll of recharging {unknown}
 D - a scroll of teleportation {unknown}
 F - 2 scrolls of fog {unknown}
Potions
 n - a potion of cancellation {unknown}
 t - 2 potions of agility
 x - a potion of haste
 B - a potion of lignification {unknown}
 E - a potion of magic {unknown}
 G - a potion of invisibility {unknown}
Comestibles
 f - 6 bread rations
 g - 8 fruits
 j - 5 beef jerkies
 z - a meat ration


   Skills:
 + Level 8.2 Fighting
   Level 0.8 Short Blades
 + Level 11.5 Bows
 - Level 0.7 Armour
 - Level 1.7 Dodging
 - Level 0.4 Stealth


You had 7 spell levels left.
You didn't know any spells.

Dungeon Overview and Level Annotations

Branches:
Dungeon (7/15)
 Temple: D:4-7

Altars:
Ashenzari
Fedhas
Gozag
Kikubaaqudgha
Zin

Shops:
D:5 }


Innate Abilities, Weirdness & Mutations

You have hooves in place of feet.
Armour fits poorly on your strangely shaped body.
You cover ground very quickly.
You have extremely tough skin. (AC +3)


Message History

You are more poisoned.
The killer bee poisons you! The killer bee barely misses you.
The killer bee stings you. The killer bee closely misses you.
The killer bee stings you! The killer bee barely misses you. x2
Unknown command.
You barely miss the killer bee. Your kick misses the killer bee.
You feel very sick. The killer bee stings you!
* * * LOW HITPOINT WARNING * * *
The killer bee barely misses you. The killer bee closely misses you.
The killer bee stings you!
* * * LOW HITPOINT WARNING * * *
You are more poisoned.
The killer bee poisons you! The killer bee stings you.
* * * LOW HITPOINT WARNING * * *
You are more poisoned.
The killer bee poisons you! The killer bee stings you!
* * * LOW HITPOINT WARNING * * *
The killer bee stings you!
You die...

#..........# #..........# #######
#..........# #.....# #
#..........# #.....# #
##........## #.....# #
##........## ##.....# ###
#..>.......## #....### #..
#.....)..(.y###.##.# #.# #
#<........@yW(..##.######.. #####
#..........##..###.##.....#
...)###..........##......##.##..#
###..###........###....####.#....
)..#...........## #..#...##......
##.....#.###.### ##..##..........
######.#.......###...###..[......
.## #....#.##......###..#...(...
..#######....#..#.#........###...


You could see a hungry ghost and 2 killer bees.

Vanquished Creatures
  Sigmund (D:4)
  The ghost of nht the Basher, an amateur OgBe of Trog (D:3)
  An ice beast (D:7)
  3 ogres
  2 big kobolds (D:5)
  A bullfrog (D:6)
  2 scorpions
  4 killer bees (D:6)
  A howler monkey (D:5)
  A bullfrog zombie (D:5)
  3 bullfrog skeletons (D:5)
  2 orc priests (D:5)
  2 hounds
  Crazy Yiuf (D:5)
  Jessica (D:3)
  4 worker ants
  An orc wizard (D:5)
  A hound zombie (D:5)
  7 gnolls (D:6)
  A howler monkey zombie (D:5)
  7 adders
  An ooze (D:1)
  An adder zombie (D:5)
  4 worms
  A dart slug (D:1)
  4 leopard geckos
  8 orcs
  A ball python (D:3)
  2 bat zombies (D:6)
  6 giant cockroaches
  13 hobgoblins
  A jackal (D:6)
  2 quokkas
  6 bats
  4 frilled lizards
  11 goblins
  22 kobolds
  9 rats
  A fungus (D:2)
144 creatures vanquished.

Notes
Turn   | Place    | Note
-------+----------+-------------------------------------------
     0 | D:1      | lorenzova the Centaur Hunter began the quest for the Orb.
     0 | D:1      | Reached XP level 1. HP: 17/17 MP: 1/1
   163 | D:1      | Reached XP level 2. HP: 20/24 MP: 2/2
   370 | D:1      | Reached skill level 6 in Bows
   577 | D:1      | Reached XP level 3. HP: 14/29 MP: 3/3
  1187 | D:2      | Found a glowing silver altar of Zin.
  1363 | D:2      | Reached XP level 4. HP: 32/37 MP: 4/4
  2072 | D:3      | Noticed nht's ghost (amateur OgBe)
  2677 | D:3      | Killed nht's ghost
  2677 | D:3      | Reached skill level 7 in Bows
  2677 | D:3      | Reached XP level 5. HP: 9/46 MP: 5/5
  2677 | D:3      | Reached XP level 6. HP: 10/52 MP: 6/6
  3110 | D:3      | Noticed Jessica
  3129 | D:3      | Killed Jessica
  3872 | D:4      | Reached skill level 8 in Bows
  4092 | D:4      | Found a blossoming altar of Fedhas.
  4292 | D:5      | Entered Level 5 of the Dungeon
  4345 | D:5      | Reached skill level 5 in Fighting
  4354 | D:5      | Reached XP level 7. HP: 54/61 MP: 5/7
  4424 | D:5      | Found Qusuod's Gadget Boutique.
  4479 | D:5      | Noticed Sigmund
  4711 | D:5      | Reached skill level 9 in Bows
  6197 | D:5      | Found a runed door.
  6211 | D:5      | Noticed Crazy Yiuf
  6224 | D:5      | Killed Crazy Yiuf
  6224 | D:5      | Reached XP level 8. HP: 71/71 MP: 8/8
  6353 | D:5      | Reached skill level 10 in Bows
  6451 | D:5      | Found a shattered altar of Ashenzari.
  6451 | D:5      | Found an opulent altar of Gozag.
  6883 | D:6      | Found an ancient bone altar of Kikubaaqudgha.
  7089 | D:4      | Killed Sigmund
  7194 | D:7      | Reached skill level 11 in Bows
  7874 | D:6      | HP: 2/74 [killer bee (8)]
  7874 | D:6      | Slain by a killer bee

Skill      XL: |  1  2  3  4  5  6  7  8 |
---------------+-------------------------+-----
Bows           | 6 7 8 9 11 | 11.5
Fighting       | 4 5 6 8 |  8.2
Short Blades   | |  0.8
Armour         | |  0.7
Dodging        | |  1.7
Stealth        | |  0.4

Action                   |  1- 3 |  4- 6 |  7- 9 || total
-------------------------+-------+-------+-------++-------
Melee: Short sword       |   110 |   115 |   189 ||   414
       Kick              |    25 |    33 |    43 ||   101
       Scythe            |       |       |    36 ||    36
 Fire: Shortbow          |    27 |   147 |   160 ||   334
  Use: Scroll            |       |     1 |     1 ||     2
       Potion            |       |       |     3 ||     3
  Eat: Chunk             |     1 |     7 |     7 ||    15
       Pizza             |       |       |     1 ||     1
Armor: Leather armour    |    19 |    28 |   148 ||   195
       Ring mail         |    23 |    28 |       ||    51
Dodge: Dodged            |    53 |    76 |   196 ||   325
